Description

Can heavily affect the economy of the other player while providing time for other expansions and queens to transition into an ultralisk play if you get evolution chambers for melee attack and armor. Keep taking jabs at their economy to keep them from producing any air units. And I suggest to baneling bust any production buildings. 2:30 you should continually be making zerglings and banelings and attacking.

Build Order

Why is there no SALT encoding or Overwolf build?

  13  0:16  Overlord  
  17  0:54  Hatchery  
  18  1:04  Extractor  
  18  1:22  Spawning Pool  
  19  1:45  Overlord  
  20  2:07  Queen x2  When spawning pool finishes, first hatch
  24  2:21  Metabolic Boost  2nd hatch. Right after ^ queen
  24  2:30  Zergling x16  Could change following zerglings to Hatchery for more of a economic game, Kill the scouting probe/scv if it's still around and defend against reapers
  31  2:45  Overlord  
    3:00  Baneling Nest  Non-stop zergling and morph as many banelings as possible
Spawning Tool Build Advisor. Get it on Overwolf

Analysis

Works to Plat maybe Diamond Havn't been playing zerg past plat to tell.

Go to:

Details

  • Created by: acegoldman
  • Published on: Dec 15, 2016
  • Modified on: Dec 29, 2016
  • Patch: 3.8.0
Show

Export as new Build Order

Comments (4)

On Dec. 20, 2016, 9:03 p.m., spacehoppr  said:

Solid. Able to macro well after the 4:00 poke, or straight out swarm 'em if they cant defend. I'd say vs protoss lay spores after the first push. Cheers!

On Dec. 16, 2016, 10:21 a.m., hannibalmarcus  said:

hit at 3:30 or 4:00, if you did a good trade, B3 and do a second run by. Normally your opponent will not attack and you rule the game with map control and one more base than him

On Dec. 16, 2016, 8:43 a.m., acegoldman  said:

Working on the timings This weekend. 12/16/16.

On Dec. 16, 2016, 7 a.m., hannibalmarcus  said:

This is not a complet cheese, but really effective. The macro opener is really strong, and if you make a third queen and your hatch not like a prod hatch but like an income hatch, you have a strong agressive opener without be all in

Create an account to comment!